 Dungeon Crawl Stone Soup version 0.20-a0-433-g9e36e56 (webtiles) character file.

62 AlphabetPasta the Magician (level 3, -3/14 HPs)
             Began as a Felid Wizard on Jan 4, 2017.
             Slain by a worm (10 damage)
             ... on level 2 of the Dungeon.
             The game lasted 00:07:44 (2566 turns).

AlphabetPasta the Magician (Felid Wizard)           Turns: 2566, Time: 00:07:44

Health: -3/14      AC:  1    Str:  4    XL:     3   Next: 85%
Magic:  8/8        EV: 18    Int: 19    God:
Gold:   122        SH:  0    Dex: 14    Spells: 0/8 levels left
                                        Lives:  0   Deaths: 0

rFire  . . .     SeeInvis +       - Unarmed
rCold  . . .     Gourm    .     (armour unavailable)
rNeg   . . .     Faith    .     (shield unavailable)
rPois  .         Spirit   .     (helmet unavailable)
rElec  .         Reflect  .     (cloak unavailable)
rCorr  .         Harm     .     (gloves unavailable)
MR     .....                    (boots unavailable)
Stlth  +++.......               (no amulet)
                                (no ring)
                                (no ring)

@: repel missiles, quick
A: no armour, no weapons or thrown items, stealth, claws 1, fangs 3, see
invisible, carnivore 3, speed 1, shaggy fur 1, slow metabolism 1, sharp paws
a: no special abilities


You were on level 2 of the Dungeon.
You were completely stuffed.

You visited 1 branch of the dungeon, and saw 3 of its levels.

You collected 122 gold pieces.

Inventory:

Wands
 l - a wand of random effects (33/48)
Scrolls
 f - 3 scrolls of teleportation {unknown}
 g - 2 scrolls of noise {unknown}
Potions
 c - a potion of brilliance
 e - a potion of invisibility
 h - a potion of cure mutation {unknown}
 i - a potion of haste
 j - a potion of heal wounds {unknown}
 m - a potion of flight {unknown}
 n - a potion of curing {unknown}
 o - a potion of resistance {unknown}
Books
 a - a book of Minor Magic

   Spells                             Type                      Level
   a - Magic Dart                     Conjuration                  1
   b - Blink                          Translocation                2
   c - Call Imp                       Summoning                    2
   d - Repel Missiles                 Charms/Air                   2
   e - Slow                           Hexes                        2
   f - Conjure Flame                  Conjuration/Fire             3
   g - Mephitic Cloud                 Conjuration/Poison/Air       3
Comestibles
 b - 2 meat rations


   Skills:
 + Level 3.2 Dodging
 - Level 2.6 Stealth
 + Level 1.2 Unarmed Combat
 * Level 3.4 Spellcasting
 * Level 2.0 Conjurations
   Level 1.0 Summonings
 - Level 2.0 Translocations
 + Level 0.3 Air Magic


You couldn't memorise any spells.
You knew the following spells:

 Your Spells              Type           Power        Failure   Level  Hunger
a - Magic Dart            Conj           ##..         10%         1    None
b - Blink                 Tloc           N/A          12%         2    ##.....
c - Repel Missiles        Chrm/Air       #.....       21%         2    ##.....
d - Conjure Flame         Conj/Fire      #.......     34%         3    ###....


Dungeon Overview and Level Annotations

Branches:
Dungeon (3/15)

Altars:
Nemelex Xobeh


Innate Abilities, Weirdness & Mutations

You cannot wear armour.
You are incapable of wielding weapons or throwing items.
Your paws allow you to move quietly. (Stealth)
You have sharp claws.
You have razor-sharp teeth.
You have supernaturally acute eyesight. (SInv)
You are carnivorous and can eat meat at any time.
You cover ground quickly.
You are covered in fur. (AC +1)
You have a slow metabolism.
Your sharp claws are effective at attacking unaware monsters.


Message History

You kill the rat!
The frilled lizard hisses angrily.
The frilled lizard moves out of view.
The adder hisses angrily.
The worm barely misses you.
You climb upwards.
There is a stone staircase leading down here.
You scratch the worm but do no damage. You completely miss the worm.
The worm closely misses you.
You scratch the worm.
The worm is lightly wounded.
The worm bites you!
Ouch! That really hurt!
You scratch the worm.
The worm is lightly wounded.
You scratch the worm. Your bite misses the worm.
The worm is moderately wounded.
The worm bites you!
Ouch! That really hurt!
You die...

....'.#.# #................# #.
....#.#.# #..#.####.....#### #.
....#.#.# #..#.# #.....# #.
....#.#.# ##.#.# #.....# #.
....#.#.# #...# #.....# #.
#####.#.# #...# #.....######.
#.#.# #...# #.....'....#. #.#.#
#.#.# #.....####.#.
#.#.######.#@# #.....# #.#.
#.#........#w# #.....# #.#.
#####.#..#######.########.# #.#.
......#..# #..#..........####.#.
.....<#..####..#..##...........#.
#######.)#.....#.......#..######.
.........#.#<..#...#.#.#.........
########.#...#.....#.#.#.########
#.............#.#.#


You could see a worm.

Vanquished Creatures
  2 adders (D:2)
  An ooze (D:2)
  3 dart slugs
  3 giant cockroaches
  6 goblins
  3 hobgoblins
  A quokka (D:2)
  A ball python (D:2)
  2 bats
  4 frilled lizards
  2 kobolds (D:1)
  8 rats
36 creatures vanquished.

Notes
Turn   | Place    | Note
-------+----------+-------------------------------------------
     0 | D:1      | AlphabetPasta the Felid Wizard began the quest for the Orb.
     0 | D:1      | Reached XP level 1. HP: 7/7 MP: 5/5
   102 | D:1      | Reached skill level 1 in Conjurations
   160 | D:1      | Learned a level 1 spell: Magic Dart
   256 | D:1      | Reached XP level 2. HP: 2/11 MP: 1/7
   263 | D:1      | Learned a level 2 spell: Blink
   266 | D:1      | Learned a level 2 spell: Repel Missiles
  1175 | D:2      | Reached XP level 3. HP: 9/14 MP: 1/8
  1239 | D:2      | Learned a level 3 spell: Conjure Flame
  1267 | D:2      | Reached skill level 1 in Unarmed Combat
  1361 | D:2      | Found a sparkling altar of Nemelex Xobeh.
  2566 | D:2      | Slain by a worm

Vault maps used:
D:1:      lemuel_arrival_funnel
D:2:      nemelex_xobeh_ov_fountains_minmay
D:3:      nicolae_gozag_cash_rules_everything_around_me, grunt_ministairs_7,
          cheibriados_altar_1

Skill      XL: |  1  2  3 |
---------------+----------+-----
Conjurations   | 1 2 |  2.0
Dodging        | 3 |  3.2
Translocations | 2 |  2.0
Unarmed Combat | 1 |  1.2
Stealth        | |  2.6
Spellcasting   | |  3.4
Summonings     | |  1.0
Air Magic      | |  0.3

Action                   || total
-------------------------++-------
Melee: Unarmed           ||    34
       Bite              ||     3
 Cast: Magic Dart        ||    75
       Repel Missiles    ||     1
  Use: Scroll            ||     3
       Potion            ||     2
 Stab: Sleeping          ||     8
  Eat: Chunk             ||    10
Armor: Skin              ||     2
Dodge: Dodged            ||    46
